 Dungeon Crawl Stone Soup version 0.27-a0-1273-gec92ba881d (webtiles) character file.

Game seed: 14592466810143001658

1974 robertstho the Magician (level 9, -1/65 HPs)
             Began as a Djinni Fire Elementalist on June 11, 2021.
             Was an Initiate of Gozag.
             Shot with a sling bullet by Joseph (17 damage)
             ... on level 7 of the Dungeon.
             The game lasted 00:10:53 (7845 turns).

robertstho the Magician (Djinni Fire Elementalist)  Turns: 7845, Time: 00:10:53

Health: -1/65      AC:  8    Str:  7    XL:     9   Next: 43%
Gold:   366        EV: 13    Int: 28    God:    Gozag SH:  0 Dex: 13

rFire    + + .     SeeInvis +   s - +3 scythe (flame)
rCold    . . .     Faith    .   (shield currently unavailable)
rNeg     . . .     Spirit   .   a - +0 robe
rPois    ∞         Reflect  .   j - +2 helmet
rElec    .         Harm     .   y - +2 cloak
rCorr    .         Rampage  .   (no gloves)
Will     .....                  (boots unavailable)
Stlth    ++........             (no amulet)
HPRegen  0.20/turn              x - ring "Narr" {Drain rC+ Int+7 SInv}
MPRegen  0.00/turn              (no ring)

@: gold aura, flying
A: sickness immunity, fire resistance 2, cold vulnerability 1, float, innate
caster, hp casting, extra vitality 1
a: Renounce Religion, Potion Petition, Call Merchant, Bribe Branch


You were on level 7 of the Dungeon.
You worshipped Gozag.
Gozag was aware of your devotion.
You visited 2 branches of the dungeon, and saw 8 of its levels.

You collected 395 gold pieces.
You paid 29 gold pieces to Gozag.

Inventory:

Hand Weapons
 s - a +3 scythe of flaming (weapon)
Missiles
 b - 4 boomerangs of dispersal
Armour
 a - a +0 robe (worn)
 j - a +2 helmet (worn)
 y - a +2 cloak (worn)
Jewellery
 x - the ring "Narr" (left hand) {Drain rC+ Int+7 SInv}
   (You found it on level 5 of the Dungeon)

   [ring of protection from cold]

   It affects your intelligence (+7).
   It protects you from cold.
   It lets you see invisible.
   It drains your maximum health when unequipped.
Wands
 h - a wand of paralysis (10)
Scrolls
 f - a scroll of enchant weapon {unknown}
 p - a scroll of fog
 q - a scroll of fear {unknown}
 t - 2 scrolls of vulnerability {unknown}
 v - a scroll of magic mapping {unknown}
Potions
 c - a potion of might {unknown}
 d - a potion of cancellation {unknown}
 e - a potion of mutation {unknown}
 i - a potion of magic {unknown}
 l - a potion of ambrosia {unknown}
 m - 2 potions of curing {unknown}
 z - 3 potions of degeneration {unknown}


   Skills:
 * Level 5.0 Fighting
 + Level 2.8 Polearms
 + Level 3.5 Dodging
 + Level 3.8 Stealth
 + Level 7.1 Spellcasting


You couldn't memorise any spells.
You knew the following spells:

 Your Spells              Type           Power      Damage    Failure   Level
a - Foxfire               Conj/Fire      100%       2x1d9     1%          1
b - Conjure Flame         Conj/Fire      49%        6-21      1%          3
c - Inner Flame           Hex/Fire       49%        N/A       1%          3
d - Sticky Flame          Conj/Fire      49%        2d7       3%          4
e - Fireball              Conj/Fire      24%        3d11      9%          5
f - Freeze                Ice            100%       1d11      1%          1
g - Slow                  Hex            49%        N/A       1%          2
h - Searing Ray           Conj           98%        3d7       1%          2
i - Lesser Beckoning      Tloc           24%        N/A       1%          3
Your spell library was empty.

Dungeon Overview and Level Annotations

Branches:
Dungeon (7/15)             Temple (1/1) D:4

Altars:
Ashenzari
Cheibriados
Dithmenos
Elyvilon
Fedhas
Gozag
Hepliaklqana
Kikubaaqudgha
Nemelex Xobeh
Qazlal
Sif Muna
Trog
Uskayaw
The Shining One

Annotations:
D:7 Joseph


Innate Abilities, Weirdness & Mutations

You are immune to sickness and miasma.
You are immune to poison.
Your flesh is very heat resistant. (rF++)
You are vulnerable to cold. (rC-)
You float through the air rather than walking.
You learn spells naturally, not from books.
Your magical power is your life essence.
You have superior vitality. (+4 HP)


Message History

Casting: Sticky Flame (dangerous; 3% risk of failure)
Confirm with . or Enter, or press ? or * to list all spells.
Aiming: Fireball (dangerous; 9% risk of failure)
Press: ? - help, Shift-Dir - straight line, f - orc
Aim: an orc, wielding a +0 dagger The fireball explodes!
The fireball engulfs the orc!!
You kill the orc!
You hear a shout!
Unknown command.
You start resting.
Joseph is nearby!
Casting: Fireball (dangerous; 9% risk of failure)
Confirm with . or Enter, or press ? or * to list all spells.
Aiming: Fireball (dangerous; 9% risk of failure)
Press: ? - help, Shift-Dir - straight line, f - Joseph
Aim: Joseph, wielding a +0 quarterstaff, wearing a +0 leather armour and quivering sling bullets (wandering, hasn't noticed you)
The fireball explodes!
The fireball engulfs Joseph!
Joseph is moderately wounded.
You hear a shout!
Joseph unwields a +0 quarterstaff.
Joseph wields a +0 hunting sling.
Joseph shoots a sling bullet.
The sling bullet barely misses you.
Casting: Fireball (dangerous; 9% risk of failure)
Confirm with . or Enter, or press ? or * to list all spells.
Aiming: Fireball (dangerous; 9% risk of failure)
Press: ? - help, Shift-Dir - straight line, f/p - Joseph
Aim: Joseph, wielding a +0 hunting sling, wearing a +0 leather armour and quivering sling bullets (moderately wounded)
The fireball explodes!
The fireball engulfs Joseph!!
Joseph is heavily wounded.
Joseph shoots a sling bullet.
The sling bullet hits you!
Casting: Fireball (dangerous; 9% risk of failure)
Confirm with . or Enter, or press ? or * to list all spells.
Aiming: Fireball (dangerous; 9% risk of failure)
Press: ? - help, Shift-Dir - straight line, f/p - Joseph
Aim: Joseph, wielding a +0 hunting sling, wearing a +0 leather armour and quivering sling bullets (heavily wounded)
The fireball explodes!
The fireball engulfs Joseph!
Joseph is severely wounded.
* * * LOW HITPOINT WARNING * * *
Joseph shoots a sling bullet.
The sling bullet hits you!
You die...
Your body crumbles into a pile of gold.

.# ..# ..)..
..... #... #..
####.####
++####.....$.#
...........@.#
.............#
#............#
#..n..@#######
..#.##. .. #.
.# ##


You could see Joseph.

Vanquished Creatures
  A two-headed ogre (D:6)
  Sigmund (D:3)
  A water moccasin (D:6)
  Duvessa (D:7)
  A necrophage (D:7)
  A scorpion (D:4)
  Dowan (D:7)
  A water moccasin skeleton (D:5)
  A bullfrog zombie (D:6)
  Crazy Yiuf (D:3)
  A centaur zombie (D:6)
  A jelly (D:6)
  3 hounds
  2 orc priests
  Terence (D:3)
  Jessica (D:2)
  A bullfrog skeleton (D:5)
  An iguana (D:6)
  A scorpion zombie (D:3)
  3 orc wizards
  A hound skeleton (D:5)
  9 gnolls
  7 adders
  An ufetubus (D:5)
  An adder skeleton (D:4)
  2 worms
  A dart slug (D:2)
  11 orcs
  6 ball pythons
  3 bats
  5 endoplasms
  6 giant cockroaches
  6 goblins
  4 hobgoblins
  7 jackals
  3 quokkas
  3 frilled lizards
  12 kobolds
  A quokka skeleton (D:4)
  8 rats
122 creatures vanquished.

Vanquished Creatures (collateral kills)
  3 foxfires (D:1)
3 creatures vanquished.

Vanquished Creatures (others)
  656 foxfires
656 creatures vanquished.

Grand Total: 781 creatures vanquished

Notes
Turn   | Place    | Note
-------+----------+-------------------------------------------
     0 | D:1      | robertstho the Djinni Fire Elementalist began the quest for
                  | the Orb.
     0 | D:1      | Reached XP level 1. HP: 15/15 MP: 0/0
   258 | D:1      | Reached XP level 2. HP: 18/21 MP: 0/0
   736 | D:1      | Found a faded altar of an unknown god.
  1176 | D:2      | Noticed Jessica
  1181 | D:2      | Killed Jessica
  1182 | D:2      | Reached skill level 1 in Fighting
  1182 | D:2      | Reached skill level 3 in Spellcasting
  1182 | D:2      | Reached XP level 3. HP: 16/27 MP: 0/0
  1182 | D:2      | Learned a level 1 spell: Freeze
  1309 | D:2      | Reached XP level 4. HP: 28/32 MP: 0/0
  1930 | D:2      | Reached XP level 5. HP: 34/38 MP: 0/0
  1930 | D:2      | Learned a level 2 spell: Slow
  2597 | D:2      | You are sucked into a shaft and drop 1 floor!
  2653 | D:3      | Reached skill level 4 in Spellcasting
  3014 | D:3      | Reached XP level 6. HP: 40/43 MP: 0/0
  3742 | D:3      | Noticed Terence
  3751 | D:3      | Killed Terence
  3817 | D:3      | Noticed Sigmund
  3827 | D:3      | Killed Sigmund
  3828 | D:3      | Reached skill level 5 in Spellcasting
  3828 | D:3      | Reached XP level 7. HP: 26/50 MP: 0/0
  3828 | D:3      | Learned a level 2 spell: Searing Ray
  4068 | D:3      | Found a runed translucent door.
  4069 | D:3      | Noticed Crazy Yiuf
  4077 | D:3      | Killed Crazy Yiuf
  4348 | D:4      | Found a staircase to the Ecumenical Temple.
  4421 | Temple   | Entered the Ecumenical Temple
  4712 | Temple   | Became a worshipper of Gozag Ym Sagoz the Greedy
  5741 | D:5      | Entered Level 5 of the Dungeon
  5743 | D:5      | Identified the ring "Narr" {Drain rC+ Int+7 SInv}
  5953 | D:5      | Reached XP level 8. HP: 54/56 MP: 0/0
  6142 | D:5      | Found a sparkling altar of Nemelex Xobeh.
  6518 | D:5      | Identified the +3 rapier of Bigeck {pain, rPois rF+ Int-4
                  | SInv}
  6795 | D:6      | Reached skill level 1 in Polearms
  7001 | D:6      | Reached skill level 6 in Spellcasting
  7002 | D:6      | Noticed a two-headed ogre
  7011 | D:6      | Killed a two-headed ogre
  7012 | D:6      | Reached XP level 9. HP: 45/63 MP: 0/0
  7012 | D:6      | Learned a level 3 spell: Lesser Beckoning
  7308 | D:6      | Found a shadowy altar of Dithmenos.
  7309 | D:6      | Found a hazy altar of Hepliaklqana.
  7560 | D:7      | Noticed Duvessa
  7560 | D:7      | Noticed Dowan
  7562 | D:7      | Killed Dowan
  7808 | D:7      | Killed Duvessa
  7809 | D:7      | Reached skill level 7 in Spellcasting
  7811 | D:7      | Noticed Joseph
  7812 | D:7      | Reached skill level 5 in Fighting
  7845 | D:7      | Shot with a sling bullet by Joseph

Illustrated notes

Levels and vault maps discovered:
D:1:      lightli_arrival_noodles, layout_rooms,
          hellmonk_ecumenical_altar_slurped_away, serial_bayou_pond_d,
          roderic_serpentine_path
D:2:      kennysheep_six_static_rooms, layout_rooms, uniq_jessica
D:3:      layout_rooms, grunt_ministairs_7, uniq_terence,
          uniq_crazy_yiuf_cottage, uniq_sigmund
D:4:      layout_basic, temple_pool_b
D:5:      layout_basic, nemelex_spade_bored_becter
D:6:      layout_rooms, riverfiend_overflow_shadow_ancestor
D:7:      layout_rooms, nicolae_overflow_quartered_altars,
          nicolae_wu_jian_immortal_techniques, kennysheep_generic_room_4,
          uniq_duvessa, uniq_joseph
Temple:   minmay_temple_forest_path

Skill      XL: |  1  2  3  4  5  6  7  8  9 |
---------------+----------------------------+-----
Fighting       | 1 2 3 4 5 |  5.0
Spellcasting   | 3 4 5 6 7 |  7.1
Stealth        | 2 3 |  3.8
Polearms       | 2 |  2.8
Dodging        | 3 |  3.5

Action                   |  1- 3 |  4- 6 |  7- 9 || total
-------------------------+-------+-------+-------++-------
Melee: Spear             |       |     2 |       ||     2
       Scythe            |       |       |    26 ||    26
 Cast: Foxfire           |    53 |   198 |   132 ||   383
       Sticky Flame      |       |     5 |    10 ||    15
       Fireball          |       |       |     8 ||     8
  Use: Scroll            |       |       |     6 ||     6
 Stab: Sleeping          |       |       |     2 ||     2
Armor: Robe              |       |     2 |    18 ||    20
Dodge: Dodged            |     4 |     7 |    49 ||    60

Table legend: (Time is in decaauts)
 A = Elapsed time spent in this place.
 B = Non-inter-level travel time spent in this place.
 C = Inter-level travel time spent in this place.
 D = Time resting spent in this place.
 E = Time spent auto-exploring this place.
 F = Levels seen in this place.
 G = Mean time per level.
                   A        B        C        D        E       F      G
               +--------+--------+--------+--------+--------+-----+--------+
         Total |   7867 |   7513 |    354 |    258 |   6458 |   8 |  983.4 |
       Dungeon |   7509 |   7233 |    276 |    258 |   6179 |   7 | 1072.7 |
        Temple |    357 |    280 |     77 |      0 |    279 |   1 |  357.0 |
               +--------+--------+--------+--------+--------+-----+--------+

Top non-repeatable levels by time:
     D:3: 1610 daAuts
     D:2: 1420 daAuts
     D:4: 1183 daAuts
     D:1: 1176 daAuts
     D:5: 1029 daAuts
     D:6: 797 daAuts
  Temple: 357 daAuts
     D:7: 291 daAuts
